 Dungeon Crawl Stone Soup version 0.22.1-2-g9c5b331383 (webtiles) character file.

9366 Gargoyl the Cleaver (level 11, -1/92 HPs)
             Began as a Centaur Abyssal Knight on Nov 12, 2018.
             Was a High Priest of Lugonu.
             Killed from afar by Psyche (17 damage)
             ... with a puff of frost
             ... on level 9 of the Dungeon on Nov 13, 2018.
             The game lasted 00:22:03 (15511 turns).

Gargoyl the Cleaver (Centaur Abyssal Knight)       Turns: 15511, Time: 00:22:03

Health: -1/92      AC:  0    Str: 17    XL:     11   Next: 22%
Magic:  17/17      EV: 15    Int: 11    God:    Lugonu [*****.]
Gold:   256        SH:  0    Dex: 10    Spells: 10/10 levels left

rFire    . . .     SeeInvis .   (weapon currently unavailable)
rCold    . . .     Gourm    .   (shield currently unavailable)
rNeg     . . .     Faith    .   (armour currently unavailable)
rPois    .         Spirit   .   (helmet currently unavailable)
rElec    .         Reflect  .   (cloak currently unavailable)
rCorr    .         Harm     .   (gloves currently unavailable)
MR       .....                  (no barding)
Stlth    +.........             (no amulet)
HPRegen  0.25/turn              (ring currently unavailable)
MPRegen  0.15/turn              (ring currently unavailable)

@: pig-form (expiring), slowed, drained
A: small
a: Depart the Abyss, Bend Space, Banish, Corrupt, Enter the Abyss, Renounce
Religion


You were on level 9 of the Dungeon.
You worshipped Lugonu.
Lugonu was extremely pleased with you.
You were hungry.
You were a filthy swine.
You visited 1 branch of the dungeon, and saw 9 of its levels.
You visited the Abyss 1 time.
You also visited: Sewer and Ossuary.

You collected 481 gold pieces.
You spent 225 gold pieces at shops.

Inventory:

Hand Weapons
 a - a +1 hand axe
 k - a +2 war axe (melded)
 s - a +4 flail of holy wrath
Missiles
 u - 4 tomahawks of returning (quivered)
Armour
 q - the +8 ring mail "Cecryqiec" (melded) {*Slow rCorr Str+5 Dex+2}
   (You found it on level 7 of the Dungeon)

   It affects your strength (+5).
   It affects your dexterity (+2).
   It provides partial protection from all sources of acid and corrosion.
   It may slow you when you take damage.
 r - a +0 pair of gloves (melded)
 y - a +2 cloak (melded)
 B - a +2 hat (melded)
Jewellery
 g - a ring of protection from magic (melded)
 t - a +6 ring of dexterity (melded)
Wands
 b - a wand of enslavement (8)
 o - a wand of iceblast (12)
 w - a wand of scattershot (7)
 z - a wand of polymorph (17)
 D - a wand of clouds (3)
Scrolls
 e - a scroll of identify
 f - 6 scrolls of remove curse
 n - 2 scrolls of teleportation
 v - 2 scrolls of fear
 x - a scroll of blinking
Potions
 h - 2 potions of cancellation
 i - 3 potions of flight
 j - 3 potions of curing
 l - a potion of lignification
 m - a potion of agility
 p - a potion of invisibility
 A - a potion of heal wounds
 C - a potion of brilliance
Comestibles
 c - 15 rations


   Skills:
 + Level 7.0(6.7) Fighting
 + Level 9.9(9.7) Axes
 * Level 7.4(7.1) Armour
 + Level 3.1(2.8) Dodging
 * Level 8.2(7.9) Invocations


You had 10 spell levels left.
You didn't know any spells.
Your spell library contained the following spells:

 Spells                   Type           Power        Failure   Level  Hunger
 Animate Skeleton         Necr           N/A          34%         1    ##.....
 Apportation              Tloc           #.....       34%         1    ##.....
 Beastly Appendage        Tmut           #.....       34%         1    ##.....
 Confusing Touch          Hex            #.....       34%         1    ##.....
 Pain                     Necr           #...         34%         1    ##.....
 Summon Small Mammal      Summ           #...         34%         1    ##.....
 Call Imp                 Summ           #.......     47%         2    ###....
 Sticks to Snakes         Tmut           #.......     47%         2    ###....
 Call Canine Familiar     Summ           #.......     71%         3    ####...
 Regeneration             Chrm/Necr      #.........   71%         3    ####...
 Spider Form              Tmut/Pois      #.........   71%         3    ####...
 Summon Guardian Golem    Hex/Summ       #.......     71%         3    ####...
 Vampiric Draining        Necr           #.........   71%         3    ####...
 Animate Dead             Necr           N/A          98%         4    #####..
 Ice Form                 Ice/Tmut       #.......     98%         4    #####..
 Summon Ice Beast         Ice/Summ       #.......     98%         4    #####..
 Summon Lightning Spire   Summ/Air       #.......     98%         4    #####..
 Blade Hands              Tmut           #.........   100%        5    ######.


Dungeon Overview and Level Annotations

Branches:
Dungeon (9/15)             Temple (0/1) D:5
   Lair: D:8-11         Orc: D:9-12

Altars:
Cheibriados
Trog
Xom
Zin

Shops:
D:5 [

Annotations:
D:9 1 runed door, Psyche


Innate Abilities, Weirdness & Mutations

((You have hooves in place of feet.))
((Armour fits poorly on your strangely shaped body.))
((You cover ground very quickly.))
((You have extremely tough skin. (AC +3)))


Message History

Psyche hits you with a dagger of chaos.
You feel as though you will be slow longer.
Psyche points at you and mumbles some strange words.
The puff of flame hits you!
You hit Psyche but do no damage.
Psyche is heavily wounded.
Psyche hits you with a dagger of chaos.
* * * LOW HITPOINT WARNING * * *
You closely miss Psyche.
Psyche is heavily wounded.
Psyche casts a spell at you. The puff of flame hits you!
* * * LOW HITPOINT WARNING * * *
Psyche hits you with a dagger of chaos.
* * * LOW HITPOINT WARNING * * *
You are poisoned.
You feel better.
Psyche points at you and mumbles some strange words.
The puff of frost hits you!
You die...

#..# # #..# .# # #..#
..# #. #..# ####...#
#..####..# #.h@...#
#........# #.#+#..##
.........# #.#3#.....
#........###.###..###
#..####...........#
#...........#
#...######..# #...#
..# #...# .#


You could see Psyche.

Vanquished Creatures
  Gastronok (D:8)
  Harold (D:7)
  Erica (D:8)
  Pikel (D:7)
  Joseph (D:7)
  A hippogriff (D:8)
  Grum (D:8)
  Edmund (D:5)
  An acid dragon (D:7)
  Duvessa (D:7)
  3 sky beasts
  An orc warrior (D:6)
  3 slaves (D:7)
  An eye of draining (D:8)
  An ice beast (D:6)
  2 black bears
  7 ogres
  3 wolves (D:8)
  8 centaurs
  2 elf zombies (Ossuary)
  A big kobold (Sewer)
  6 bullfrogs
  Dowan (D:7)
  A wyvern skeleton (D:7)
  3 scorpions
  11 killer bees
  10 wights
  3 crimson imps
  2 centaur zombies (Ossuary)
  A quasit (D:7)
  A hound (D:4)
  3 bullfrog skeletons
  A centaur skeleton (D:7)
  A human zombie (Ossuary)
  2 orc priests (D:6)
  A jelly (D:8)
  5 orc wizards
  Ijyb (D:3)
  An iguana (D:4)
  6 worker ants
  A killer bee zombie (D:7)
  4 big kobold zombies (Ossuary)
  3 mummies
  7 gnolls
  10 adders
  3 river rats (Sewer)
  2 shadow imps (D:5)
  6 oozes
  4 adder zombies
  5 worms
  6 leopard geckos
  11 orcs
  4 ball pythons
  5 bats
  3 giant cockroaches
  11 goblins
  2 hobgoblins
  5 jackals
  5 quokkas
  4 frilled lizards
  6 hobgoblin zombies
  A jackal skeleton (D:5)
  12 kobolds
  9 kobold zombies (Ossuary)
  11 orc zombies
  A quokka skeleton (D:5)
  A quokka zombie (D:8)
  10 rats
  A rat zombie (Ossuary)
255 creatures vanquished.

Vanquished Creatures (others)
  A bush (D:8)
1 creature vanquished.

Grand Total: 256 creatures vanquished

Notes
Turn   | Place    | Note
-------+----------+-------------------------------------------
     0 | Abyss:1  | Gargoyl the Centaur Abyssal Knight began the quest for the
                  | Orb.
     0 | Abyss:1  | Reached XP level 1. HP: 19/19 MP: 2/2
    21 | Abyss:2  | Found a corrupted altar of Lugonu.
    43 | Abyss:2  | Noticed a large abomination
    50 | Abyss:2  | Noticed a large abomination
    56 | Abyss:2  | Noticed a ynoxinul
    63 | D:1      | Escaped the Abyss
   116 | D:1      | Reached XP level 2. HP: 21/26 MP: 3/3
   178 | D:1      | Reached skill level 2 in Axes
   215 | D:1      | Reached * piety under Lugonu
   358 | D:1      | Reached XP level 3. HP: 31/31 MP: 5/5
  1538 | D:2      | Found a glowing silver altar of Zin.
  1539 | D:2      | Noticed an angel
  1540 | D:2      | Found a shimmering altar of Xom.
  1551 | D:2      | Upgraded the game from 0.22.1-1-ga44c0e56f4 to
                  | 0.22.1-2-g9c5b331383
  1765 | D:2      | Reached XP level 4. HP: 22/38 MP: 6/6
  2359 | D:3      | Noticed a centaur
  2369 | D:3      | Killed a centaur
  2369 | D:3      | Reached skill level 3 in Axes
  2369 | D:3      | Reached XP level 5. HP: 18/45 MP: 7/7
  2377 | D:3      | Reached ** piety under Lugonu
  2940 | D:3      | HP: 2/45 [poisoned by an adder]
  3383 | D:3      | Found a snail-covered altar of Cheibriados.
  3386 | D:3      | Noticed Ijyb
  3401 | D:3      | Killed Ijyb
  3721 | D:4      | Found a glowing drain.
  3752 | Sewer    | Entered a sewer
  3770 | Sewer    | Reached XP level 6. HP: 46/52 MP: 8/8
  4237 | Sewer    | Found a white marble altar of Elyvilon.
  4430 | D:4      | Reached skill level 1 in Dodging
  5232 | D:4      | Reached XP level 7. HP: 38/58 MP: 8/10
  5624 | D:4      | Reached skill level 4 in Axes
  5793 | D:5      | Entered Level 5 of the Dungeon
  5817 | D:5      | Found Plog's Antique Armour Shoppe.
  5829 | D:5      | Bought a scorched scale mail for 225 gold pieces
  5840 | D:5      | Identified the cursed +0 scale mail "Wihuiq" {rF++ Dex-4}
                  | (You bought it in a shop on level 5 of the Dungeon)
  5884 | D:5      | Found a staircase to the Ecumenical Temple.
  5920 | D:5      | Reached *** piety under Lugonu
  6218 | D:5      | Found a sand-covered staircase.
  6226 | Ossuary  | Entered an ossuary
  6584 | Ossuary  | Reached **** piety under Lugonu
  6681 | Ossuary  | Reached skill level 5 in Axes
  6687 | Ossuary  | Reached XP level 8. HP: 44/67 MP: 11/11
  7119 | D:5      | Reached skill level 5 in Invocations
  8198 | D:6      | Reached skill level 6 in Axes
  8301 | D:6      | Reached skill level 5 in Armour
  8340 | D:5      | Reached skill level 5 in Fighting
  8738 | D:5      | HP: 3/68 [wight/morningstar (3)]
  8739 | D:5      | Reached XP level 9. HP: 3/74 MP: 13/13
  9179 | D:6      | Noticed Edmund
  9268 | D:5      | Killed Edmund
  9665 | D:6      | Reached skill level 7 in Axes
 10060 | D:6      | Found a bloodstained altar of Trog.
 10852 | D:7      | Noticed Harold
 10881 | D:7      | Killed Harold
 11104 | D:7      | Noticed Joseph
 11134 | D:7      | Killed Joseph
 11145 | D:7      | Got a steaming ring mail
 11301 | D:7      | Identified the +8 ring mail "Cecryqiec" {*Slow rCorr Str+5
                  | Dex+2} (You found it on level 7 of the Dungeon)
 11319 | D:7      | Reached XP level 10. HP: 75/83 MP: 13/15
 11559 | D:7      | Reached skill level 8 in Axes
 11934 | D:7      | Noticed Duvessa
 11934 | D:7      | Noticed Dowan
 11944 | D:7      | Killed Duvessa
 11953 | D:7      | Killed Dowan
 12166 | D:7      | Found Yroekhly's Food Shop.
 12850 | D:8      | Noticed Pikel
 12974 | D:7      | Killed Pikel
 13490 | D:8      | Noticed Grum
 13511 | D:8      | Killed Grum
 13512 | D:8      | Reached skill level 9 in Axes
 13885 | D:8      | Noticed Gastronok
 13904 | D:8      | Killed Gastronok
 13904 | D:8      | Reached XP level 11. HP: 77/91 MP: 16/16
 14023 | D:8      | Reached ***** piety under Lugonu
 14363 | D:8      | Noticed Erica
 14378 | D:8      | Killed Erica
 15480 | D:9      | Found a runed door.
 15480 | D:9      | Noticed a sixfirhy
 15493 | D:9      | Noticed Psyche
 15511 | D:9      | Killed from afar by Psyche

Skill      XL: |  1  2  3  4  5  6  7  8  9 10 11 |
---------------+----------------------------------+-----
Axes           | 2 3 5 6 7 9 |  9.9
Invocations    | 3 4 5 6 7 8 |  8.2
Armour         | 2 3 4 5 6 7 |  7.4
Dodging        | 1 3 |  3.1
Fighting       | 4 5 6 7 |  7.0

Action                   |  1- 3 |  4- 6 |  7- 9 | 10-12 || total
-------------------------+-------+-------+-------+-------++-------
Melee: Hand axe          |   101 |   208 |       |       ||   309
       Kick              |    18 |    49 |   114 |   107 ||   288
       War axe           |       |    22 |   397 |   255 ||   674
       Unarmed           |       |       |       |    27 ||    27
       Flail             |       |       |       |     1 ||     1
Throw: Tomahawk          |       |       |     1 |       ||     1
Invok: Depart the Abyss  |     1 |       |       |       ||     1
       Bend Space        |       |       |     1 |       ||     1
  Use: Scroll            |     1 |     5 |     4 |     3 ||    13
       Potion            |       |     7 |     9 |     1 ||    17
  Eat: Chunk             |     1 |     7 |    10 |     9 ||    27
       Ration            |       |     1 |     2 |     1 ||     4
Armor: Chain mail        |   101 |   174 |   317 |       ||   592
       Skin              |       |     2 |    29 |     1 ||    32
       Plate armour      |       |       |    21 |       ||    21
       Ring mail         |       |       |     1 |   208 ||   209
Dodge: Dodged            |    21 |    58 |   114 |   198 ||   391
